 Dungeon Sprint DCSS version 0.29-a0-1027-gcd8c55af63 (webtiles) character file.

Game seed: 7916010907311352033

289 KimEleyn the Fighter (level 6, 0/56 HPs)
             Began as a Human Cinder Acolyte on Aug 12, 2022.
             Slain by a centaur warrior (14 damage)
             ... in the Dungeon (Sprint I: "Red Sonja").
             The game lasted 00:10:27 (128 turns).

KimEleyn the Fighter (Human Cinder Acolyte)          Turns: 128, Time: 00:10:28

Health: 0/56       AC:  2    Str: 14    XL:     6   Next: 58%
Magic:  8/8        EV: 11    Int: 16    God:
Gold:   312        SH:  0    Dex:  9    Spells: 7/7 levels left

rFire   . . .      SeeInvis .   a - -1 spear (flame)
rCold   . . .      Faith    .   (no shield)
rNeg    . . .      Spirit   .   b - +0 robe
rPois   .          Reflect  .   (no helmet)
rElec   .          Harm     .   (no cloak)
rCorr   .          Rampage  .   (no gloves)
Will    .....      NoTele   +   (no boots)
Stlth   +.........              (no amulet)
HPRegen 0.18/turn               (no ring)
MPRegen 0.11/turn               (no ring)

@: fire susceptible, very slow
A: no striking features
a: no special abilities


You were in the Dungeon.
You visited 1 branch You collected 312 gold pieces.

Inventory:

Hand Weapons
 a - a -1 spear of flaming (weapon)
Armour
 b - a +0 robe (worn)
Wands
 i - a wand of iceblast (13)
Scrolls
 h - a scroll of blinking
Potions
 e - a potion of haste
 f - 2 potions of magic
 g - a potion of berserk rage


   Skills:
 + Level 8.0 Fighting
 + Level 8.0 Polearms
 + Level 0.2 Dodging
 + Level 1.4 Spellcasting
 + Level 7.8 Fire Magic


You had 7 spell levels left.
You didn't know any spells.
Your spell library contained the following spells:

 Spells                   Type           Power      Damage    Failure   Level
 Scorch                   Fire           52%        2d8       1%          2


Dungeon Overview and Level Annotations

Branches:
Dungeon (1/1)

Altars:
Sif Muna
Vehumet
Wu Jian


Message History

The iceblast engulfs the centaur warrior.
The centaur warrior is lightly wounded.
The centaur warrior shouts!
You hear a shout!
Really renounce your faith, foregoing its fabulous benefits? [Y]es or [N]o only, please.
Really renounce your faith, foregoing its fabulous benefits? [Y]es or [N]o only, please.
Really renounce your faith, foregoing its fabulous benefits? [Y]es or [N]o only, please.
Really renounce your faith, foregoing its fabulous benefits? [Y]es or [N]o only, please.
Really renounce your faith, foregoing its fabulous benefits? [Y]es or [N]o only, please.
Really renounce your faith, foregoing its fabulous benefits? [Y]es or [N]o only, please.
Really renounce your faith, foregoing its fabulous benefits? [Y]es or [N]o only, please.
Really renounce your faith, foregoing its fabulous benefits? [Y]es or [N]o only, please.
Really renounce your faith, foregoing its fabulous benefits? [Y]es or [N]o only, please.
Really renounce your faith, foregoing its fabulous benefits? [Y]es or [N]o only, please.
Really renounce your faith, foregoing its fabulous benefits?
Are you sure?
You have lost your religion!
The Council does not appreciate desertion!
The centaur warrior wields a +0 shortbow.
The centaur warrior shoots an arrow.
The arrow hits you!
The centaur warrior unwields a +0 shortbow.
The centaur warrior misses you.
The centaur warrior kicks you but does no damage.
The centaur warrior hits you. The centaur warrior kicks you.
The centaur warrior closely misses you. The centaur warrior kicks you.
The centaur warrior wields a +0 longbow.
The centaur warrior shoots an arrow.
The arrow hits you!
* * * LOW HITPOINT WARNING * * *
The centaur warrior misses you. x2; The centaur warrior hits you!
You die...

##############
.#..)..#..'..#
.)..#..').#..+
.#####'#####'#
### .#
#..#...#.####§§#
.#
####..##)#~§c§§#
.# ##'#_.'~§@c§+
⌠# +..._#~§§§§#
## #_.#+##+####
##+#


You could see 2 centaur warriors.

Vanquished Creatures
  Sigmund (D)
  An ogre (D)
  A jelly (D)
  Ijyb (D)
4 creatures vanquished.

Vanquished Creatures (others)
  36 foxfires (D)
36 creatures vanquished.

Grand Total: 40 creatures vanquished

Notes
Turn   | Place    | Note
-------+----------+-------------------------------------------
     0 | D        | KimEleyn the Human Cinder Acolyte began the quest for the
                  | Orb.
     0 | D        | Reached XP level 1. HP: 18/18 MP: 2/2
     1 | D        | Noticed Ijyb
     9 | D        | Killed Ijyb
    10 | D        | Reached XP level 2. HP: 22/26 MP: 3/3
    10 | D        | Reached XP level 3. HP: 26/31 MP: 4/4
    19 | D        | Noticed an ogre
    24 | D        | Killed an ogre
    25 | D        | Reached XP level 4. HP: 8/40 MP: 5/5
    25 | D        | Reached XP level 5. HP: 9/46 MP: 6/6
    43 | D        | Noticed Sigmund
    50 | D        | Killed Sigmund
    51 | D        | Reached XP level 6. HP: 18/56 MP: 6/8
    72 | D        | Found a shimmering blue altar of Sif Muna.
    73 | D        | Found an ornate altar of the Wu Jian Council.
    75 | D        | Found a radiant altar of Vehumet.
    76 | D        | Identified the +8 trident of Exhibitionism {protect, Drain
                  | rN+ rCorr Str+3}
    80 | D        | Fell from the grace of Ignis
    95 | D        | Became a worshipper of the Wu Jian Council
   123 | D        | Noticed a centaur warrior
   124 | D        | Noticed a centaur warrior
   126 | D        | Fell from the grace of Wu Jian
   128 | D        | Slain by a centaur warrior

Illustrated notes

Levels and vault maps discovered:
D:        dungeon_sprint_1 [red_sonja_temple_1, red_sonja_temple_small_1]

Skill      XL: |  1  2  3  4  5  6 |
---------------+-------------------+-----
Fighting       | 4 6 7 8 |  8.0
Polearms       | 4 6 7 8 |  8.0
Fire Magic     | 4 6 7 |  7.8
Dodging        | |  0.2
Spellcasting   | |  1.4

Action                   |  1- 3 |  4- 6 || total
-------------------------+-------+-------++-------
Melee: Spear             |     7 |     6 ||    13
       Punch             |       |     1 ||     1
Invok: Foxfire Swarm     |     5 |     2 ||     7
       Fiery Armour      |     1 |     2 ||     3
       Renounce Religion |       |     2 ||     2
Evoke: Wand              |       |     1 ||     1
  Use: Potion            |       |     2 ||     2
Armor: Robe              |       |     5 ||     5
Dodge: Dodged            |     4 |     8 ||    12

Table legend: (Time is in decaauts)
 A = Elapsed time spent in this place.
 B = Non-inter-level travel time spent in this place.
 C = Inter-level travel time spent in this place.
 D = Time resting spent in this place.
 E = Time spent auto-exploring this place.
 F = Levels seen in this place.
 G = Mean time per level.
                   A        B        C        D        E       F      G
               +--------+--------+--------+--------+--------+-----+--------+
         Total |    126 |    104 |     22 |      0 |      0 |   1 |  126.0 |
       Dungeon |    126 |    104 |     22 |      0 |      0 |   1 |  126.0 |
               +--------+--------+--------+--------+--------+-----+--------+

Top non-repeatable levels by time:
       D: 126 daAuts
